 Dungeon Crawl Stone Soup version 0.22-a0-480-g991dd4b (webtiles) character file.

303 Darkshadow the Chopper (level 6, -2/56 HPs)
             Began as a Hill Orc Monk on June 15, 2018.
             Was a Believer of Beogh.
             Slain by an ogre
             ... wielding a +0 giant club
              (17 damage)
             ... on level 5 of the Dungeon.
             The game lasted 00:28:17 (4622 turns).

Darkshadow the Chopper (Hill Orc Monk)              Turns: 4622, Time: 00:28:17

Health: -2/56      AC:  9    Str: 16    XL:     6   Next: 38%
Magic:  6/6        EV:  7    Int: 10    God:    Beogh [**....]
Gold:   215        SH:  0    Dex: 13    Spells: 5/5 levels left

rFire    . . .     SeeInvis .   a - +0 hand axe
rCold    . . .     Gourm    .   (no shield)
rNeg     . . .     Faith    .   p - +0 chain mail
rPois    .         Spirit   .   (no helmet)
rElec    .         Reflect  .   (no cloak)
rCorr    .         Harm     .   (no gloves)
MR       .....                  u - +0 pair of boots
Stlth    ..........             (no amulet)
HPRegen  0.18/turn              (no ring)
MPRegen  0.10/turn              (no ring)

@: no status effects
A: no striking features
a: Smiting, Renounce Religion


You were on level 5 of the Dungeon.
You worshipped Beogh.
Beogh was pleased with you.
You were near starving.

You visited 1 branch of the dungeon, and saw 5 of its levels.

You collected 215 gold pieces.

Inventory:

Hand Weapons
 a - a +0 hand axe (weapon)
 b - a +0 hunting sling
Missiles
 k - 6 poisoned needles
 l - 69 stones
 n - 11 tomahawks (quivered)
Armour
 e - a +0 ring mail
 m - a +0 robe
 p - a +0 chain mail (worn)
 u - a +0 pair of boots (worn)
Jewellery
 w - a cursed ring of teleportation {unknown}
Wands
 t - a wand of paralysis (10)
 x - a wand of flame (24)
Scrolls
 f - 6 scrolls of remove curse {@r2}
 g - a scroll of blinking
 j - 3 scrolls of teleportation
 o - a scroll of enchant weapon {unknown}
 v - a scroll of magic mapping {unknown}
Potions
 d - 2 potions of mutation
 h - a potion of heal wounds
 i - 3 potions of curing {unknown}
 q - a potion of brilliance {unknown}
 r - 3 potions of haste
 s - a potion of might {unknown}
 A - a potion of agility
Comestibles
 c - 5 rations


   Skills:
 + Level 5.3 Fighting
 * Level 7.4 Axes
 + Level 2.2 Armour
 - Level 2.4 Dodging
 - Level 1.5 Stealth


You had 5 spell levels left.
You didn't know any spells.
Your spell library contained the following spells:

 Spells                   Type           Power        Failure   Level  Hunger
 Spider Form              Tmut/Pois      #.........   100%        3    ####...
 Blade Hands              Tmut           #.........   100%        5    ######.
 Ice Form                 Ice/Tmut       #.......     100%        4    #####..
 Sticks to Snakes         Tmut           #.......     100%        2    ###....
 Beastly Appendage        Tmut           #.....       100%        1    ##.....


Dungeon Overview and Level Annotations

Branches:
Dungeon (5/15)
 Temple: D:4-7

Altars:
Fedhas
Kikubaaqudgha
Vehumet

Annotations:
D:2 Sigmund
D:3 Vlans's ghost, amateur TeAE
D:4 Silverhawk's ghost, amateur HOMo


Message History

The ogre barely misses you.
You are near starving!
Silverhawk's ghost hits the orc!
The orc dies!
There is an open door here.
You see here a hand axe.
There is a stone staircase leading down, spattered with blood here.
Things that are here:
a dagger; a robe Silverhawk's ghost hits you but does no damage.
The ogre hits you but does no damage.
You climb downwards.
A worker ant and a crimson imp come into view.
The crimson imp shouts!
The worker ant twitches its antennae in your direction.
Found a sedimented grey potion, a ration and a cabochon ring.
Found a stone staircase leading up.
There is a stone staircase leading up here.
The crimson imp blinks!
The ogre hits you with a giant club!
You die...

#. #.... #.
.....
#.#####..=..
####..#.......
#...........#
#ยง.........#
...........#
.......@...#
#.....O....#
....!a.....#
#.....<......
......5.%..###
...........#
#####.##....
#. .....


You could see an ogre, a worker ant and a crimson imp.

Vanquished Creatures
  A howler monkey (D:4)
  2 orc wizards (D:4)
  An orc priest (D:4)
  Jessica (D:3)
  A hound skeleton (D:4)
  5 adders
  2 oozes
  A worm (D:2)
  2 dart slugs (D:1)
  2 leopard geckos
  11 orcs
  2 ball pythons
  3 giant cockroaches
  5 goblins
  10 hobgoblins
  6 jackals (D:1)
  11 bats
  3 frilled lizards
  A jackal skeleton (D:2)
  4 kobolds (D:1)
  5 rats
  2 fungi (D:1)
81 creatures vanquished.

Vanquished Creatures (others)
  An orc priest (D:4)
  An adder (D:4)
  4 orcs (D:4)
  A kobold (D:3)
7 creatures vanquished.

Grand Total: 88 creatures vanquished

Notes
Turn   | Place    | Note
-------+----------+-------------------------------------------
     0 | D:1      | Darkshadow the Hill Orc Monk began the quest for the Orb.
     0 | D:1      | Reached XP level 1. HP: 19/19 MP: 1/1
   338 | D:1      | Reached XP level 2. HP: 27/27 MP: 2/2
   834 | D:1      | Reached skill level 5 in Axes
   864 | D:1      | Reached XP level 3. HP: 32/33 MP: 3/3
  1930 | D:2      | Reached XP level 4. HP: 26/41 MP: 4/4
  2195 | D:2      | Noticed Sigmund
  2728 | D:2      | Reached skill level 6 in Axes
  2926 | D:3      | Found a radiant altar of Vehumet.
  2997 | D:3      | Noticed Jessica
  3036 | D:3      | Killed Jessica
  3060 | D:3      | Reached XP level 5. HP: 41/47 MP: 5/5
  3142 | D:3      | Reached skill level 1 in Armour
  3239 | D:3      | Found an ancient bone altar of Kikubaaqudgha.
  3477 | D:3      | Found a blossoming altar of Fedhas.
  3522 | D:3      | Noticed Vlans's ghost (amateur TeAE)
  4181 | D:4      | Reached skill level 5 in Fighting
  4184 | D:4      | Reached skill level 7 in Axes
  4348 | D:4      | Became a worshipper of Beogh the Brigand
  4348 | D:4      | Reached * piety under Beogh
  4348 | D:4      | Reached ** piety under Beogh
  4366 | D:4      | Reached XP level 6. HP: 55/56 MP: 6/6
  4611 | D:4      | Noticed Silverhawk's ghost (amateur HOMo)
  4621 | D:5      | Entered Level 5 of the Dungeon
  4622 | D:5      | Slain by an ogre

Vault maps used:
D:1:      nzn_arrival_settlement, minmay_gold_behind_fungi
D:2:      corexii_hall_statues_s, uniq_sigmund
D:3:      vehumet_crystals, lemuel_coloured_pillars_altar,
          kiku_gazebo_garden_becter, uniq_jessica
D:4:      first_ration, portal_sewer_entry_d
D:5:      cheibrodos_quashed, kennysheep_little_box

Skill      XL: |  1  2  3  4  5  6 |
---------------+-------------------+-----
Fighting       | 4 5 |  5.3
Axes           | 5 6 7 |  7.4
Armour         | 1 2 |  2.2
Dodging        | |  2.4
Stealth        | |  1.5

Action                   |  1- 3 |  4- 6 || total
-------------------------+-------+-------++-------
Melee: Hand axe          |   144 |   182 ||   326
 Fire: Hunting sling     |     8 |       ||     8
Throw: Tomahawk          |     9 |       ||     9
Invok: Convert to Beogh  |       |     1 ||     1
  Use: Scroll            |     1 |    10 ||    11
       Potion            |       |     2 ||     2
 Stab: Sleeping          |     2 |       ||     2
  Eat: Chunk             |     3 |     4 ||     7
       Ration            |       |     1 ||     1
Armor: Robe              |    26 |       ||    26
       Chain mail        |    14 |   129 ||   143
Dodge: Dodged            |    93 |    60 ||   153

Table legend:
 A = Spawn XP
 B = Non-spawn XP
 C = Spawn XP percentage of total XP
 D = Spawn monster count
 E = Non-spawn monster count
 F = Spawn count percentage of total count
 G = Total turns spent on level
                    A         B        C        D         E        F      G
               +---------+---------+-------+---------+---------+-------+---------
         Total |       0 |     433 |   0.0 |       0 |      79 |   0.0 |  4622
               +---------+---------+-------+---------+---------+-------+---------
           D:1 |       0 |      59 |   0.0 |       0 |      32 |   0.0 |  1940
           D:2 |       0 |      56 |   0.0 |       0 |      15 |   0.0 |  1357
           D:3 |       0 |     101 |   0.0 |       0 |      15 |   0.0 |   786
           D:4 |       0 |     217 |   0.0 |       0 |      17 |   0.0 |   538
               +---------+---------+-------+---------+---------+-------+---------
